 Dungeon Crawl Stone Soup version 0.31-a0-167-g1c394c0614 (webtiles) character file.

Game seed: 3788459953138948788

72 jasper the Digger (level 4, -3/21 HPs)
             Began as a Spriggan Earth Elementalist on June 14, 2023.
             Slain by Grinder (6 damage)
             ... on level 3 of the Dungeon.
             The game lasted 00:02:12 (1903 turns).

jasper the Digger (Spriggan Earth Elementalist)     Turns: 1903, Time: 00:02:13

Health: -3/21      AC:  2    Str:  4    XL:     4   Next: 7%
Magic:  3/9        EV: 17    Int: 18    God:
Gold:   33         SH:  0    Dex: 15    Spells: 2/8 levels left

rFire   . . .        j - +0 spear
rCold   . . .        (no shield)
rNeg    . . .        a - +0 robe
rPois   .            (helmet restricted)
rElec   .            (no cloak)
rCorr   .            (gloves unavailable)
SInv    +            (boots unavailable)
Will    .....        (no amulet)
Stlth   ++           (no ring)
HPRegen 0.23/turn    (no ring)
MPRegen 0.11/turn

%: no passive effects
@: very quick
A: very small, no large weapons, unfitting armour, see invisible, speed 3
a: no special abilities


You were on level 3 of the Dungeon.
You visited 1 branch of the dungeon, and saw 3 of its levels.

You collected 33 gold pieces.

Inventory:

Hand Weapons
 h - a +0 club
 j - a +0 spear (weapon)
Missiles
 f - 14 stones
 k - 4 boomerangs of dispersal
Armour
 a - a +0 robe (worn)
Scrolls
 c - a scroll of enchant weapon {unknown}
Potions
 b - a potion of magic
 d - a potion of curing {unknown}
 e - a potion of attraction {unknown}
 g - 2 potions of haste {unknown}
 l - 2 potions of mutation {unknown}
 m - a potion of brilliance {unknown}


   Skills:
 - Level 2.6 Dodging
 - Level 3.0 Stealth
 - Level 2.6 Spellcasting
 - Level 1.3 Transmutations
 + Level 4.5 Earth Magic


You had 2 spell levels left.
You knew the following spells:

 Your Spells              Type           Power      Damage    Failure   Level
a - Sandblast             Erth           36%        2d10      2%          1
b - Passwall              Tmut/Erth      10%        N/A       8%          2
c - Stone Arrow           Conj/Erth      20%        3d8       21%         3

Your spell library contained the following spells:

 Spells                   Type           Power      Damage    Failure   Level
 Petrify                  Tmut/Erth      13%        N/A       45%         4


Dungeon Overview and Level Annotations

Branches:
Dungeon (3/15)

Altars:

Annotations:
D:2 Terence
D:3 Grinder


Innate Abilities, Weirdness & Mutations

You are very small and have problems with some larger weapons.
You are too small for most types of armour.
You have supernaturally acute eyesight. (SInv)
You cover ground extremely quickly. (Speed+++)


Message History

You now have 7/9 mp.
Aiming: Sandblast (safe; 2% risk of failure)
Press: ? - help, Q - select action, (/) - cycle Shift-Dir - straight line, f/p - Grinder
Aim: Grinder (moderately wounded, 80% to hit)
The blast of sand hits Grinder!
Grinder is heavily wounded.
Grinder barely misses you.
You now have 6/9 mp.
Aiming: Sandblast (safe; 2% risk of failure)
Press: ? - help, Q - select action, (/) - cycle Shift-Dir - straight line, f/p - Grinder
Aim: Grinder (heavily wounded, 80% to hit)
The blast of sand hits Grinder but does no damage.
Grinder is heavily wounded.
Grinder completely misses you. Grinder hits you.
You take 5 damage, and have 16/21 hp.
MASSIVE DAMAGE!!
You now have 5/9 mp.
Aiming: Sandblast (safe; 2% risk of failure)
Press: ? - help, Q - select action, (/) - cycle Shift-Dir - straight line, f/p - Grinder
Aim: Grinder (heavily wounded, 80% to hit)
The blast of sand hits Grinder!
Grinder is severely wounded.
Grinder hits you!
* * * LOW HITPOINT WARNING * * *
You writhe in agony.
* * * LOW HITPOINT WARNING * * *
You take 14 damage, and have 2/21 hp.
MASSIVE DAMAGE!!
Aiming: Sandblast (safe; 2% risk of failure)
Press: ? - help, Q - select action, (/) - cycle Shift-Dir - straight line, f/p - Grinder
Aim: Grinder (severely wounded, 80% to hit)
The blast of sand misses Grinder.
Grinder misses you. Grinder gestures at you. You resist with some effort.
You now have 4/9 mp.
Aiming: Sandblast (safe; 2% risk of failure)
Press: ? - help, Q - select action, (/) - cycle Shift-Dir - straight line, f/p - Grinder
Aim: Grinder (severely wounded, 80% to hit)
The blast of sand hits Grinder!
Grinder is almost dead.
Grinder hits you.
You die...

#.# .# #.# #...#
#######.# #...#
#........ #...#
#.#####.# #...###.# #)#
#.# ##.......#####)#
#....####.........[.....
#.....5@.......#.#####..
##...####........####...
##.....$.####.####....8
######### #.##.......
#.##.<...## #.##...###
#.###### #.# #..


You could see Grinder.

Vanquished Creatures
  An orc wizard (D:3)
  An adder (D:2)
  A worm (D:2)
  A dart slug (D:2)
  2 orcs (D:3)
  3 endoplasms
  4 goblins
  4 hobgoblins
  4 quokkas
  2 bats (D:2)
  3 frilled lizards
  3 kobolds (D:1)
  2 rats (D:1)
31 creatures vanquished.

Notes
Turn   | Place    | Note
-------+----------+-------------------------------------------
     0 | D:1      | jasper the Spriggan Earth Elementalist began the quest for
                  | the Orb.
     0 | D:1      | Reached XP level 1. HP: 9/9 MP: 5/5
   170 | D:1      | Reached skill level 3 in Earth Magic
   393 | D:1      | Reached XP level 2. HP: 13/13 MP: 4/6
   396 | D:1      | Learned a level 2 spell: Passwall
   459 | D:1      | Found a faded altar of an unknown god.
  1585 | D:2      | Reached XP level 3. HP: 16/16 MP: 6/8
  1589 | D:2      | Learned a level 3 spell: Stone Arrow
  1591 | D:2      | Noticed Terence
  1602 | D:2      | Reached skill level 4 in Earth Magic
  1787 | D:3      | Reached XP level 4. HP: 6/21 MP: 2/9
  1891 | D:3      | Noticed Grinder
  1903 | D:3      | Slain by Grinder

Illustrated notes

Levels and vault maps discovered:
D:1:      giann_forest_graveyard, layout_loops_corners,
          ebering_ecumenical_altar_hall, chequers_serial_rivers_micro_a,
          corexii_hall_statues_x, corexii_leaking_fountain
D:2:      layout_loops_ring, minmay_rat_gold_closets, uniq_terence
D:3:      layout_loops_ring, grunt_decor_resistance,
          hangedman_abyss_or_decor_lesser_grid, grunt_ministairs_12, uniq_ijyb,
          uniq_grinder

Skill      XL: |  1  2  3 |
---------------+----------+-----
Earth Magic    | 3 4 |  4.5
Dodging        | |  2.6
Stealth        | |  3.0
Spellcasting   | |  2.6
Transmutations | |  1.3

Action                     |  1- 3 |  4- 6 || total
---------------------------+-------+-------++-------
  Melee: Unarmed           |     9 |       ||     9
         Spear             |     3 |       ||     3
  Throw: Boomerang         |     1 |       ||     1
   Cast: Sandblast         |    59 |     8 ||    67
    Use: Scroll            |     2 |       ||     2
 Armour: Robe              |     2 |       ||     2
  Dodge: Dodged            |    31 |     3 ||    34

Table legend: (Time is in decaauts)
 A = Elapsed time spent in this place.
 B = Non-inter-level travel time spent in this place.
 C = Inter-level travel time spent in this place.
 D = Time resting spent in this place.
 E = Time spent auto-exploring this place.
 F = Levels seen in this place.
 G = Mean time per level.
                   A        B        C        D        E       F      G
               +--------+--------+--------+--------+--------+-----+--------+
         Total |   1463 |   1447 |     16 |    150 |   1046 |   3 |  487.7 |
       Dungeon |   1463 |   1447 |     16 |    150 |   1046 |   3 |  487.7 |
               +--------+--------+--------+--------+--------+-----+--------+

Top non-repeatable levels by time:
     D:1: 1021 daAuts
     D:2: 265 daAuts
     D:3: 176 daAuts
